Rangers vs Thrashers

Created - December 1 2010 at 18:05

Goals
1 2 3 T
Rangers 1 1 0 2
Thrashers 0 2 1 3
Shots
1 2 3 T
Rangers 13 6 8 27
Thrashers 8 14 8 30

Period #1

1. Rangers , Scott Gomez 12 (Dustin Penner, Jeff Finger) at 1:00

Penalties :
Scott Gomez (NYR) for Roughing (Minor) at 4:15, Guillaume Latendresse (ATL) for Roughing (Minor) at 8:04, James Wisniewski (ATL) for High sticking (Minor) at 13:59, Andy Sutton (NYR) for Hooking (Minor) at 17:28

Period #2

2. Thrashers , Nik Antropov 7 (Guillaume Latendresse, Ryan Suter) at 4:23
3. Rangers , Dan Cleary 4 (Mikko Koivu, Teemu Selanne) at 6:32
4. Thrashers , Christian Ehrhoff 3 (Dave Bolland, Marc Staal) at 7:06

Penalties :
Tom Pyatt (NYR) for Hooking (Minor) at 8:20, Blair Betts (NYR) for Diving (Minor) at 14:36

Period #3

5. Thrashers , Rene Bourque 15 (Ryan Suter, Christian Ehrhoff) at 14:37

Penalties :
Mark Giordano (ATL) for Hooking (Minor) at 2:55, Mark Recchi (NYR) for Goalie Interference (Minor) at 7:31, Christian Ehrhoff (ATL) for Roughing (Minor) at 12:05

Goalie Stats

Chris Mason (NYR), 27 saves from 30 shots - (0.900), L, 7-15-1, 59:08 minutes
Roberto Luongo (ATL), 25 saves from 27 shots - (0.926), W, 16-11-1, 60:00 minutes

Players Stats

Rangers
Player Name              G  A  P  +/- PIM S  H  SB FO    MP 
------------------------------------------------------------
Andrei Kostitsyn         0  0  0  -1  0   3  2  0  0/1   18 
Andy Sutton              0  0  0  -1  2   1  2  1  0/0   14 
Bill Guerin              0  0  0   0  0   2  3  0  0/2   7  
Blair Betts              0  0  0  -2  2   0  0  0  18/27 19 
Dan Cleary               1  0  1   0  0   2  2  0  0/1   21 
Dustin Penner            0  1  1   0  0   4  0  1  0/2   14 
Evander Kane             0  0  0   0  0   1  0  0  0/0   7  
Jeff Finger              0  1  1   1  0   2  1  0  0/0   19 
Keith Ballard            0  0  0  -1  0   1  1  2  0/0   24 
Lubomir Visnovsky        0  0  0  -1  0   2  0  0  0/0   20 
Mark Recchi              0  0  0  -1  2   0  2  0  0/1   14 
Mike Weaver              0  0  0   0  0   1  1  1  0/0   21 
Mikko Koivu              0  1  1   0  0   0  0  0  12/24 17 
Patrick OSullivan        0  0  0   0  0   2  1  0  2/5   13 
Scott Gomez              1  0  1   0  2   2  1  0  13/22 17 
Teemu Selanne            0  1  1   0  0   2  0  0  0/0   16 
Tom Pyatt                0  0  0   0  2   0  0  0  0/6   7  
Trevor Daley             0  0  0   1  0   2  0  3  0/0   22 
Thrashers
Player Name              G  A  P  +/- PIM S  H  SB FO    MP 
------------------------------------------------------------
Antoine Vermette         0  0  0  -2  0   1  0  1  7/13  24 
Brad Boyes               0  0  0   1  0   0  0  0  0/0   8  
Brenden Morrow           0  0  0   1  0   3  3  1  6/14  19 
Brian Rolston            0  0  0   0  0   0  0  0  0/0   0  
Christian Ehrhoff        1  1  2   2  2   4  2  0  0/0   21 
Dan Girardi              0  0  0   0  0   0  0  0  0/0   1  
Dave Bolland             0  1  1   2  0   3  0  0  2/3   13 
Guillaume Latendresse    0  1  1   2  2   2  2  0  6/15  22 
James Wisniewski         0  0  0   1  2   0  2  0  0/0   13 
Jordan Staal             0  0  0  -2  0   7  1  0  16/25 22 
Marc Staal               0  1  1   1  0   1  1  2  0/0   15 
Mark Giordano            0  0  0  -2  2   1  4  0  0/0   22 
Nik Antropov             1  0  1   1  0   2  1  0  9/20  20 
Rene Bourque             1  0  1   1  0   2  2  0  0/0   14 
Ryan Callahan            0  0  0  -2  0   1  5  0  0/0   20 
Ryan Malone              0  0  0   1  0   0  0  0  0/1   12 
Ryan Suter               0  2  2   2  0   1  0  0  0/0   23 
Sergei Gonchar           0  0  0  -2  0   2  1  5  0/0   24 

3 Stars

1 - Christian Ehrhoff (ATL)
2 - Rene Bourque (ATL)
3 - Ryan Suter (ATL)

Power Play

Rangers - 0 on 4 Attempt(s) - 0.00%
Thrashers - 0 on 5 Attempt(s) - 0.00%

Penalty Kill

Rangers - 5 on 5 Attempt(s) - 100.00% - Score 0 goal in Penalty Kill
Thrashers - 4 on 4 Attempt(s) - 100.00% - Score 0 goal in Penalty Kill

Game Notes

No Game Note

Finance

Level 1 -- Attendance: 6000 (100.00%) -- Ticket Income $540,000.00
Level 2 -- Attendance: 5000 (100.00%) -- Ticket Income $235,000.00
Level 3 -- Attendance: 3500 (100.00%) -- Ticket Income $105,000.00
Level 4 -- Attendance: 2587 (79.60%) -- Ticket Income $51,740.00
Luxury Box -- Attendance: 1000 (100.00%) -- Ticket Income $170,000.00
Game was played at the Philips Arena
Total Attendance: 18087 (96.46%)
Total Ticket Income: $1,134,313.00
Other Income: $200,715.90
Total Income: $1,335,029.00


Play by Play

Period #1

0:01 of 1st period - Jordan Staal wins face-off versus Mikko Koivu in neutral zone.
0:14 of 1st period - Mikko Koivu is hit by Mark Giordano and loses puck.
0:57 of 1st period - Dustin Penner is hit by Sergei Gonchar and loses puck.
1:00 of 1st period - Shot by Scott Gomez.
1:00 of 1st period - Goal by Scott Gomez - Rangers : 1 - Thrashers : 0.
1:01 of 1st period - Blair Betts wins face-off versus Guillaume Latendresse in neutral zone.
1:25 of 1st period - Off-side.
1:26 of 1st period - Scott Gomez wins face-off versus Nik Antropov in neutral zone.
1:56 of 1st period - Dustin Penner is hit by James Wisniewski and loses puck.
2:02 of 1st period - Icing by Ryan Suter.
2:03 of 1st period - Mikko Koivu wins face-off versus Nik Antropov in Thrashers zone.
2:51 of 1st period - Shot by Jordan Staal.
2:51 of 1st period - Stopped by Chris Mason with a rebound.
3:21 of 1st period - Shot by Brenden Morrow.
3:21 of 1st period - Shot Blocked by Keith Ballard.
3:23 of 1st period - Shot by Dave Bolland.
3:23 of 1st period - Stopped by Chris Mason without a rebound.
3:24 of 1st period - Brenden Morrow wins face-off versus Blair Betts in Rangers zone.
4:13 of 1st period - Icing by Ryan Callahan.
4:14 of 1st period - Jordan Staal wins face-off versus Scott Gomez in Thrashers zone.
4:14 of 1st period - Antoine Vermette is hit by Patrick OSullivan and loses puck.
4:15 of 1st period - Minor Penalty to Scott Gomez for Roughing.
4:16 of 1st period - Blair Betts wins face-off versus Guillaume Latendresse in Rangers zone.
4:27 of 1st period - Shot by Patrick OSullivan.
4:27 of 1st period - Stopped by Roberto Luongo without a rebound.
4:28 of 1st period - Blair Betts wins face-off versus Nik Antropov in Thrashers zone.
5:24 of 1st period - Icing by Christian Ehrhoff.
5:25 of 1st period - Nik Antropov wins face-off versus Blair Betts in Thrashers zone.
6:07 of 1st period - Icing by Sergei Gonchar.
6:08 of 1st period - Antoine Vermette wins face-off versus Mikko Koivu in Thrashers zone.
6:08 of 1st period - Antoine Vermette is hit by Dan Cleary.
6:24 of 1st period - Off-side.
6:25 of 1st period - Jordan Staal wins face-off versus Tom Pyatt in neutral zone.
6:50 of 1st period - Jordan Staal is hit by Bill Guerin and loses puck.
7:30 of 1st period - Icing by James Wisniewski.
7:31 of 1st period - Jordan Staal wins face-off versus Mikko Koivu in Thrashers zone.
8:02 of 1st period - Shot by Sergei Gonchar.
8:02 of 1st period - Stopped by Chris Mason without a rebound.
8:03 of 1st period - Scott Gomez wins face-off versus Guillaume Latendresse in Rangers zone.
8:03 of 1st period - Scott Gomez is hit by Guillaume Latendresse.
8:04 of 1st period - Minor Penalty to Guillaume Latendresse for Roughing.
8:05 of 1st period - Scott Gomez wins face-off versus Antoine Vermette in Thrashers zone.
8:14 of 1st period - Shot by Lubomir Visnovsky.
8:14 of 1st period - Stopped by Roberto Luongo without a rebound.
8:15 of 1st period - Brenden Morrow wins face-off versus Scott Gomez in Thrashers zone.
8:36 of 1st period - Shot by Jeff Finger.
8:36 of 1st period - Stopped by Roberto Luongo without a rebound.
8:37 of 1st period - Blair Betts wins face-off versus Brenden Morrow in Thrashers zone.
9:23 of 1st period - Icing by Dustin Penner.
9:24 of 1st period - Antoine Vermette wins face-off versus Dustin Penner in Rangers zone.
9:32 of 1st period - Icing by Dustin Penner.
9:33 of 1st period - Antoine Vermette wins face-off versus Scott Gomez in Rangers zone.
9:39 of 1st period - Icing by Keith Ballard.
9:40 of 1st period - Scott Gomez wins face-off versus Antoine Vermette in Rangers zone.
11:04 of 1st period - Lubomir Visnovsky is hit by Ryan Callahan and loses puck.
11:48 of 1st period - Shot by Ryan Malone.
11:48 of 1st period - Shot Misses the Net.
11:52 of 1st period - Shot by Guillaume Latendresse.
11:52 of 1st period - Shot Misses the Net.
11:54 of 1st period - Shot by Nik Antropov.
11:54 of 1st period - Stopped by Chris Mason without a rebound.
11:55 of 1st period - Brenden Morrow wins face-off versus Mikko Koivu in Rangers zone.
12:43 of 1st period - Icing by James Wisniewski.
12:44 of 1st period - Scott Gomez wins face-off versus Nik Antropov in Thrashers zone.
12:59 of 1st period - Shot by Antoine Vermette.
12:59 of 1st period - Stopped by Chris Mason without a rebound.
13:00 of 1st period - Jordan Staal wins face-off versus Tom Pyatt in Rangers zone.
13:19 of 1st period - Mark Giordano is hit by Bill Guerin and loses puck.
13:49 of 1st period - Lubomir Visnovsky is hit by Nik Antropov and loses puck.
13:54 of 1st period - Shot by Andrei Kostitsyn.
13:54 of 1st period - Deflect By Blair Betts.
13:54 of 1st period - Shot Misses the Net.
13:56 of 1st period - Shot by Blair Betts.
13:56 of 1st period - Shot Misses the Net.
13:58 of 1st period - Shot by Mark Recchi.
13:58 of 1st period - Deflect By Blair Betts.
13:58 of 1st period - Shot Misses the Net.
13:59 of 1st period - Minor Penalty to James Wisniewski for High sticking.
14:00 of 1st period - Brenden Morrow wins face-off versus Blair Betts in Thrashers zone.
14:25 of 1st period - Shot by Dan Cleary.
14:25 of 1st period - Shot Misses the Net.
14:29 of 1st period - Shot by Jeff Finger.
14:29 of 1st period - Stopped by Roberto Luongo without a rebound.
14:30 of 1st period - Scott Gomez wins face-off versus Brenden Morrow in Thrashers zone.
14:33 of 1st period - Shot by Keith Ballard.
14:33 of 1st period - Stopped by Roberto Luongo with a rebound.
14:35 of 1st period - Shot by Lubomir Visnovsky.
14:35 of 1st period - Shot Misses the Net.
14:37 of 1st period - Shot by Andrei Kostitsyn.
14:37 of 1st period - Stopped by Roberto Luongo without a rebound.
14:38 of 1st period - Antoine Vermette wins face-off versus Scott Gomez in Thrashers zone.
14:51 of 1st period - Shot by Lubomir Visnovsky.
14:51 of 1st period - Stopped by Roberto Luongo without a rebound.
14:52 of 1st period - Antoine Vermette wins face-off versus Blair Betts in Thrashers zone.
15:00 of 1st period - Off-side.
15:01 of 1st period - Scott Gomez wins face-off versus Brenden Morrow in neutral zone.
15:04 of 1st period - Shot by Dustin Penner.
15:04 of 1st period - Stopped by Roberto Luongo with a rebound.
15:06 of 1st period - Shot by Keith Ballard.
15:06 of 1st period - Shot Misses the Net.
15:10 of 1st period - Shot by Scott Gomez.
15:10 of 1st period - Stopped by Roberto Luongo without a rebound.
15:11 of 1st period - Blair Betts wins face-off versus Antoine Vermette in Thrashers zone.
15:20 of 1st period - Shot by Dan Cleary.
15:20 of 1st period - Stopped by Roberto Luongo without a rebound.
15:21 of 1st period - Scott Gomez wins face-off versus Brenden Morrow in Thrashers zone.
16:13 of 1st period - Bill Guerin is hit by Christian Ehrhoff and loses puck.
16:22 of 1st period - Shot by Bill Guerin.
16:22 of 1st period - Stopped by Roberto Luongo without a rebound.
16:23 of 1st period - Mikko Koivu wins face-off versus Nik Antropov in Thrashers zone.
17:13 of 1st period - Off-side.
17:14 of 1st period - Jordan Staal wins face-off versus Blair Betts in neutral zone.
17:26 of 1st period - Brenden Morrow is hit by Andy Sutton and loses puck.
17:28 of 1st period - Minor Penalty to Andy Sutton for Hooking.
17:29 of 1st period - Blair Betts wins face-off versus Guillaume Latendresse in Rangers zone.
17:40 of 1st period - Shot by Sergei Gonchar.
17:40 of 1st period - Stopped by Chris Mason with a rebound.
17:42 of 1st period - Shot by Mark Giordano.
17:42 of 1st period - Stopped by Chris Mason with a rebound.
18:34 of 1st period - Shot by Ryan Suter.
18:34 of 1st period - Shot Blocked by Trevor Daley.
18:36 of 1st period - Shot by Brenden Morrow.
18:36 of 1st period - Stopped by Chris Mason without a rebound.
18:37 of 1st period - Blair Betts wins face-off versus Brenden Morrow in Rangers zone.
18:43 of 1st period - Icing by Brenden Morrow.
18:44 of 1st period - Blair Betts wins face-off versus Nik Antropov in Thrashers zone.
19:54 of 1st period - Shot by Andrei Kostitsyn.
19:54 of 1st period - Stopped by Roberto Luongo with a rebound.
19:56 of 1st period - Shot by Blair Betts.
19:56 of 1st period - Shot Blocked by Brenden Morrow.
19:58 of 1st period - Shot by Lubomir Visnovsky.
19:58 of 1st period - Shot Misses the Net.

Period #2

0:01 of 2nd period - Mikko Koivu wins face-off versus Jordan Staal in neutral zone.
0:16 of 2nd period - Shot by Teemu Selanne.
0:16 of 2nd period - Stopped by Roberto Luongo without a rebound.
0:17 of 2nd period - Guillaume Latendresse wins face-off versus Scott Gomez in Thrashers zone.
0:17 of 2nd period - Ryan Suter is hit by Scott Gomez and loses puck.
0:27 of 2nd period - Icing by Patrick OSullivan.
0:28 of 2nd period - Scott Gomez wins face-off versus Guillaume Latendresse in Rangers zone.
0:28 of 2nd period - Scott Gomez is hit by Brenden Morrow.
0:38 of 2nd period - Shot by Patrick OSullivan.
0:38 of 2nd period - Shot Blocked by Marc Staal.
0:40 of 2nd period - Shot by Scott Gomez.
0:40 of 2nd period - Shot Blocked by Sergei Gonchar.
0:56 of 2nd period - Shot by Brad Boyes.
0:56 of 2nd period - Shot Hit the Post.
1:02 of 2nd period - Shot by Dustin Penner.
1:02 of 2nd period - Shot Misses the Net.
1:24 of 2nd period - Shot by Jordan Staal.
1:24 of 2nd period - Stopped by Chris Mason with a rebound.
1:28 of 2nd period - Shot by Antoine Vermette.
1:28 of 2nd period - Shot Misses the Net.
1:30 of 2nd period - Shot by Jordan Staal.
1:30 of 2nd period - Shot Misses the Net.
1:32 of 2nd period - Shot by Jordan Staal.
1:32 of 2nd period - Shot Misses the Net.
1:34 of 2nd period - Shot by Christian Ehrhoff.
1:34 of 2nd period - Stopped by Chris Mason with a rebound.
1:36 of 2nd period - Shot by Christian Ehrhoff.
1:36 of 2nd period - Shot Blocked by Trevor Daley.
3:12 of 2nd period - Icing by Marc Staal.
3:13 of 2nd period - Blair Betts wins face-off versus Dave Bolland in Thrashers zone.
3:52 of 2nd period - Shot by Antoine Vermette.
3:52 of 2nd period - Deflect By Jordan Staal.
3:52 of 2nd period - Stopped by Chris Mason without a rebound.
3:53 of 2nd period - Mikko Koivu wins face-off versus Nik Antropov in Rangers zone.
3:53 of 2nd period - Mikko Koivu is hit by Guillaume Latendresse.
4:23 of 2nd period - Shot by Nik Antropov.
4:23 of 2nd period - Goal by Nik Antropov - Rangers : 1 - Thrashers : 1.
4:24 of 2nd period - Jordan Staal wins face-off versus Bill Guerin in neutral zone.
4:33 of 2nd period - Jordan Staal is hit by Bill Guerin and loses puck.
4:43 of 2nd period - Shot by Jordan Staal.
4:43 of 2nd period - Stopped by Chris Mason with a rebound.
4:58 of 2nd period - Tom Pyatt is hit by Ryan Callahan and loses puck.
5:21 of 2nd period - Shot by Christian Ehrhoff.
5:21 of 2nd period - Stopped by Chris Mason without a rebound.
5:22 of 2nd period - Nik Antropov wins face-off versus Blair Betts in Rangers zone.
5:54 of 2nd period - Andrei Kostitsyn is hit by James Wisniewski and loses puck.
6:15 of 2nd period - Mike Weaver is hit by Jordan Staal and loses puck.
6:30 of 2nd period - Shot by Mikko Koivu.
6:30 of 2nd period - Shot Blocked by Sergei Gonchar.
6:32 of 2nd period - Shot by Dan Cleary.
6:32 of 2nd period - Goal by Dan Cleary - Rangers : 2 - Thrashers : 1.
6:33 of 2nd period - Dave Bolland wins face-off versus Scott Gomez in neutral zone.
7:04 of 2nd period - Shot by Dave Bolland.
7:04 of 2nd period - Shot Misses the Net.
7:06 of 2nd period - Shot by Christian Ehrhoff.
7:06 of 2nd period - Goal by Christian Ehrhoff - Rangers : 2 - Thrashers : 2.
7:07 of 2nd period - Mikko Koivu wins face-off versus Jordan Staal in neutral zone.
7:20 of 2nd period - Shot by Jordan Staal.
7:20 of 2nd period - Stopped by Chris Mason without a rebound.
7:21 of 2nd period - Nik Antropov wins face-off versus Patrick OSullivan in Rangers zone.
7:34 of 2nd period - Shot by Mark Recchi.
7:34 of 2nd period - Shot Misses the Net.
8:20 of 2nd period - Minor Penalty to Tom Pyatt for Hooking.
8:21 of 2nd period - Nik Antropov wins face-off versus Mikko Koivu in Rangers zone.
8:22 of 2nd period - Shot by Ryan Suter.
8:22 of 2nd period - Stopped by Chris Mason without a rebound.
8:23 of 2nd period - Mikko Koivu wins face-off versus Nik Antropov in Rangers zone.
8:33 of 2nd period - Icing by Nik Antropov.
8:34 of 2nd period - Mikko Koivu wins face-off versus Nik Antropov in Thrashers zone.
8:41 of 2nd period - Shot by Mikko Koivu.
8:41 of 2nd period - Shot Misses the Net.
8:44 of 2nd period - Icing by Christian Ehrhoff.
8:45 of 2nd period - Nik Antropov wins face-off versus Blair Betts in Thrashers zone.
10:12 of 2nd period - Shot by Christian Ehrhoff.
10:12 of 2nd period - Shot Misses the Net.
10:14 of 2nd period - Shot by Brenden Morrow.
10:14 of 2nd period - Shot Misses the Net.
10:16 of 2nd period - Shot by Brenden Morrow.
10:16 of 2nd period - Stopped by Chris Mason without a rebound.
10:17 of 2nd period - Mikko Koivu wins face-off versus Jordan Staal in Rangers zone.
10:23 of 2nd period - Icing by Ryan Suter.
10:24 of 2nd period - Blair Betts wins face-off versus Jordan Staal in Thrashers zone.
10:34 of 2nd period - James Wisniewski is hit by Andy Sutton and loses puck.
11:20 of 2nd period - Teemu Selanne is hit by Brenden Morrow and loses puck.
11:28 of 2nd period - Mike Weaver is hit by Mark Giordano and loses puck.
11:47 of 2nd period - Icing by Mike Weaver.
11:48 of 2nd period - Guillaume Latendresse wins face-off versus Mikko Koivu in Rangers zone.
11:59 of 2nd period - Shot by Dave Bolland.
11:59 of 2nd period - Stopped by Chris Mason with a rebound.
12:19 of 2nd period - Patrick OSullivan is hit by Rene Bourque and loses puck.
12:39 of 2nd period - Shot by Patrick OSullivan.
12:39 of 2nd period - Stopped by Roberto Luongo without a rebound.
12:40 of 2nd period - Scott Gomez wins face-off versus Jordan Staal in Thrashers zone.
12:53 of 2nd period - Shot by Jordan Staal.
12:53 of 2nd period - Shot Blocked by Andy Sutton.
13:14 of 2nd period - Sergei Gonchar is hit by Mark Recchi.
13:19 of 2nd period - Icing by Lubomir Visnovsky.
13:20 of 2nd period - Scott Gomez wins face-off versus Brenden Morrow in Rangers zone.
14:29 of 2nd period - Shot by Guillaume Latendresse.
14:29 of 2nd period - Stopped by Chris Mason without a rebound.
14:30 of 2nd period - Blair Betts wins face-off versus Jordan Staal in Rangers zone.
14:36 of 2nd period - Minor Penalty to Blair Betts for Diving.
14:37 of 2nd period - Patrick OSullivan wins face-off versus Antoine Vermette in Rangers zone.
14:37 of 2nd period - Patrick OSullivan is hit by Ryan Callahan.
14:48 of 2nd period - Off-side.
14:49 of 2nd period - Nik Antropov wins face-off versus Patrick OSullivan in neutral zone.
15:16 of 2nd period - Shot by Guillaume Latendresse.
15:16 of 2nd period - Stopped by Chris Mason without a rebound.
15:17 of 2nd period - Mikko Koivu wins face-off versus Antoine Vermette in Rangers zone.
15:23 of 2nd period - Icing by Antoine Vermette.
15:24 of 2nd period - Antoine Vermette wins face-off versus Mikko Koivu in Thrashers zone.
15:37 of 2nd period - Shot by Ryan Callahan.
15:37 of 2nd period - Stopped by Chris Mason without a rebound.
15:38 of 2nd period - Nik Antropov wins face-off versus Patrick OSullivan in Rangers zone.
16:27 of 2nd period - Scott Gomez is hit by Rene Bourque and loses puck.
16:35 of 2nd period - Icing by Ryan Callahan.
16:36 of 2nd period - Blair Betts wins face-off versus Jordan Staal in Thrashers zone.
16:47 of 2nd period - Shot by Andrei Kostitsyn.
16:47 of 2nd period - Shot Blocked by Sergei Gonchar.
16:51 of 2nd period - Shot by Andrei Kostitsyn.
16:51 of 2nd period - Stopped by Roberto Luongo with a rebound.
16:53 of 2nd period - Shot by Mark Recchi.
16:53 of 2nd period - Shot Misses the Net.
16:57 of 2nd period - Shot by Lubomir Visnovsky.
16:57 of 2nd period - Shot Hit the Post.
17:02 of 2nd period - Shot by Andy Sutton.
17:02 of 2nd period - Stopped by Roberto Luongo without a rebound.
17:03 of 2nd period - Jordan Staal wins face-off versus Tom Pyatt in Thrashers zone.
17:10 of 2nd period - Shot by Bill Guerin.
17:10 of 2nd period - Stopped by Roberto Luongo without a rebound.
17:11 of 2nd period - Mikko Koivu wins face-off versus Nik Antropov in Thrashers zone.
18:12 of 2nd period - Off-side.
18:13 of 2nd period - Scott Gomez wins face-off versus Jordan Staal in neutral zone.
18:21 of 2nd period - Icing by Antoine Vermette.
18:22 of 2nd period - Jordan Staal wins face-off versus Scott Gomez in Thrashers zone.
18:24 of 2nd period - Icing by Antoine Vermette.
18:25 of 2nd period - Jordan Staal wins face-off versus Dustin Penner in Thrashers zone.
18:56 of 2nd period - Off-side.
18:57 of 2nd period - Brenden Morrow wins face-off versus Mark Recchi in neutral zone.
19:17 of 2nd period - Icing by Andy Sutton.
19:18 of 2nd period - Guillaume Latendresse wins face-off versus Andrei Kostitsyn in Rangers zone.

Period #3

0:01 of 3rd period - Jordan Staal wins face-off versus Mikko Koivu in neutral zone.
0:17 of 3rd period - Sergei Gonchar is hit by Dan Cleary.
1:17 of 3rd period - Shot by Rene Bourque.
1:17 of 3rd period - Shot Blocked by Dustin Penner.
1:21 of 3rd period - Shot by Rene Bourque.
1:21 of 3rd period - Shot Misses the Net.
1:56 of 3rd period - Mark Recchi is hit by Christian Ehrhoff and loses puck.
2:00 of 3rd period - Icing by Christian Ehrhoff.
2:01 of 3rd period - Blair Betts wins face-off versus Guillaume Latendresse in Thrashers zone.
2:24 of 3rd period - Icing by Ryan Suter.
2:25 of 3rd period - Guillaume Latendresse wins face-off versus Bill Guerin in Thrashers zone.
2:53 of 3rd period - Bill Guerin is hit by Mark Giordano and loses puck.
2:55 of 3rd period - Minor Penalty to Mark Giordano for Hooking.
2:56 of 3rd period - Antoine Vermette wins face-off versus Scott Gomez in Thrashers zone.
2:56 of 3rd period - Antoine Vermette is hit by Andrei Kostitsyn.
3:23 of 3rd period - Shot by Scott Gomez.
3:23 of 3rd period - Shot Misses the Net.
3:25 of 3rd period - Shot by Keith Ballard.
3:25 of 3rd period - Shot Blocked by Marc Staal.
4:31 of 3rd period - James Wisniewski is hit by Andrei Kostitsyn and loses puck.
4:55 of 3rd period - Shot by Dan Cleary.
4:55 of 3rd period - Shot Blocked by Sergei Gonchar.
5:02 of 3rd period - Icing by Jordan Staal.
5:03 of 3rd period - Jordan Staal wins face-off versus Tom Pyatt in Thrashers zone.
5:17 of 3rd period - Jordan Staal is hit by Jeff Finger and loses puck.
5:34 of 3rd period - Off-side.
5:35 of 3rd period - Blair Betts wins face-off versus Guillaume Latendresse in neutral zone.
6:03 of 3rd period - Shot by Andrei Kostitsyn.
6:03 of 3rd period - Shot Misses the Net.
6:39 of 3rd period - Brenden Morrow is hit by Mike Weaver and loses puck.
6:44 of 3rd period - Shot by Nik Antropov.
6:44 of 3rd period - Shot Blocked by Mike Weaver.
6:46 of 3rd period - Shot by Marc Staal.
6:46 of 3rd period - Stopped by Chris Mason without a rebound.
6:47 of 3rd period - Dave Bolland wins face-off versus Tom Pyatt in Rangers zone.
7:06 of 3rd period - Shot by Evander Kane.
7:06 of 3rd period - Shot Misses the Net.
7:08 of 3rd period - Shot by Evander Kane.
7:08 of 3rd period - Stopped by Roberto Luongo without a rebound.
7:09 of 3rd period - Blair Betts wins face-off versus Jordan Staal in Thrashers zone.
7:09 of 3rd period - Lubomir Visnovsky is hit by Mark Giordano and loses puck.
7:12 of 3rd period - Shot by Blair Betts.
7:12 of 3rd period - Shot Blocked by Sergei Gonchar.
7:31 of 3rd period - Minor Penalty to Mark Recchi for Goalie Interference.
7:32 of 3rd period - Mikko Koivu wins face-off versus Nik Antropov in Rangers zone.
7:45 of 3rd period - Shot by Ryan Suter.
7:45 of 3rd period - Shot Misses the Net.
7:47 of 3rd period - Shot by Brenden Morrow.
7:47 of 3rd period - Shot Misses the Net.
7:49 of 3rd period - Shot by Brenden Morrow.
7:49 of 3rd period - Shot Misses the Net.
7:51 of 3rd period - Shot by Guillaume Latendresse.
7:51 of 3rd period - Shot Blocked by Trevor Daley.
7:53 of 3rd period - Shot by Brenden Morrow.
7:53 of 3rd period - Stopped by Chris Mason with a rebound.
7:55 of 3rd period - Shot by Christian Ehrhoff.
7:55 of 3rd period - Deflect By Nik Antropov.
7:55 of 3rd period - Shot Misses the Net.
7:57 of 3rd period - Shot by Christian Ehrhoff.
7:57 of 3rd period - Deflect By Nik Antropov.
7:57 of 3rd period - Shot Blocked by Keith Ballard.
8:01 of 3rd period - Shot by Christian Ehrhoff.
8:01 of 3rd period - Stopped by Chris Mason without a rebound.
8:02 of 3rd period - Blair Betts wins face-off versus Antoine Vermette in Rangers zone.
8:25 of 3rd period - Patrick OSullivan is hit by Ryan Callahan and loses puck.
8:58 of 3rd period - Shot by Nik Antropov.
8:58 of 3rd period - Shot Misses the Net.
9:00 of 3rd period - Shot by Christian Ehrhoff.
9:00 of 3rd period - Shot Misses the Net.
9:58 of 3rd period - Icing by Andy Sutton.
9:59 of 3rd period - Patrick OSullivan wins face-off versus Ryan Malone in Rangers zone.
10:39 of 3rd period - Andrei Kostitsyn is hit by Marc Staal and loses puck.
10:50 of 3rd period - Shot by Jordan Staal.
10:50 of 3rd period - Stopped by Chris Mason without a rebound.
10:51 of 3rd period - Nik Antropov wins face-off versus Mikko Koivu in Rangers zone.
11:12 of 3rd period - Shot by Teemu Selanne.
11:12 of 3rd period - Stopped by Roberto Luongo without a rebound.
11:13 of 3rd period - Jordan Staal wins face-off versus Tom Pyatt in Thrashers zone.
11:41 of 3rd period - Jordan Staal is hit by Keith Ballard and loses puck.
11:48 of 3rd period - Shot by Tom Pyatt.
11:48 of 3rd period - Shot Misses the Net.
11:58 of 3rd period - Shot by Dustin Penner.
11:58 of 3rd period - Stopped by Roberto Luongo with a rebound.
12:00 of 3rd period - Shot by Trevor Daley.
12:00 of 3rd period - Stopped by Roberto Luongo with a rebound.
12:04 of 3rd period - Shot by Dustin Penner.
12:04 of 3rd period - Stopped by Roberto Luongo without a rebound.
12:05 of 3rd period - Mikko Koivu wins face-off versus Guillaume Latendresse in Thrashers zone.
12:05 of 3rd period - Minor Penalty to Christian Ehrhoff for Roughing.
12:06 of 3rd period - Blair Betts wins face-off versus Brenden Morrow in Thrashers zone.
12:33 of 3rd period - Shot by Teemu Selanne.
12:33 of 3rd period - Shot Misses the Net.
13:47 of 3rd period - Shot by Trevor Daley.
13:47 of 3rd period - Stopped by Roberto Luongo without a rebound.
13:48 of 3rd period - Scott Gomez wins face-off versus Brenden Morrow in Thrashers zone.
14:27 of 3rd period - Icing by Ryan Suter.
14:28 of 3rd period - Blair Betts wins face-off versus Guillaume Latendresse in Thrashers zone.
14:29 of 3rd period - Shot by Andrei Kostitsyn.
14:29 of 3rd period - Shot Misses the Net.
14:37 of 3rd period - Shot by Rene Bourque.
14:37 of 3rd period - Goal by Rene Bourque - Rangers : 2 - Thrashers : 3.
14:38 of 3rd period - Nik Antropov wins face-off versus Mikko Koivu in neutral zone.
15:30 of 3rd period - Shot by Scott Gomez.
15:30 of 3rd period - Shot Blocked by Antoine Vermette.
15:42 of 3rd period - Shot by Jordan Staal.
15:42 of 3rd period - Stopped by Chris Mason without a rebound.
15:43 of 3rd period - Jordan Staal wins face-off versus Blair Betts in Rangers zone.
16:05 of 3rd period - Shot by Dave Bolland.
16:05 of 3rd period - Shot Misses the Net.
16:11 of 3rd period - Shot by Jordan Staal.
16:11 of 3rd period - Shot Misses the Net.
16:13 of 3rd period - Shot by Dave Bolland.
16:13 of 3rd period - Stopped by Chris Mason without a rebound.
16:14 of 3rd period - Jordan Staal wins face-off versus Mikko Koivu in Rangers zone.
16:56 of 3rd period - Shot by Dave Bolland.
16:56 of 3rd period - Shot Misses the Net.
17:01 of 3rd period - Icing by Dan Cleary.
17:02 of 3rd period - Guillaume Latendresse wins face-off versus Dan Cleary in Rangers zone.
17:14 of 3rd period - Icing by Dave Bolland.
17:15 of 3rd period - Guillaume Latendresse wins face-off versus Blair Betts in Thrashers zone.
17:15 of 3rd period - Guillaume Latendresse is hit by Mark Recchi.
17:23 of 3rd period - Shot by Rene Bourque.
17:23 of 3rd period - Stopped by Chris Mason without a rebound.
17:24 of 3rd period - Brenden Morrow wins face-off versus Scott Gomez in Rangers zone.
17:49 of 3rd period - Jeff Finger is hit by Ryan Callahan and loses puck.
17:58 of 3rd period - Trevor Daley is hit by Brenden Morrow.
19:08 of 3rd period - Rangers, Chris Mason is pulled from the net.
19:08 of 3rd period - Shot by Dustin Penner.
19:08 of 3rd period - Stopped by Roberto Luongo with a rebound.
19:10 of 3rd period - Shot by Mike Weaver.
19:10 of 3rd period - Stopped by Roberto Luongo without a rebound.
19:11 of 3rd period - Jordan Staal wins face-off versus Mikko Koivu in Thrashers zone.


Output by the SimonT Hockey Simulator (STHS) for Stephane Roy -- Original Page W3C XHTML 1.0 Valid